TOP OF THE 1ST |
Charleston RiverDogs batting - Pitching for Hickory Crawdads : RHP Alexander Neustroev
|
Pitching: RHP Alexander Neustroev
|
|
Batting: LHB Tatsuo Yasui
|
0-0: Called Strike 0-1: Foul Ball, location: 2F 0-2: Ball 1-2: Ball 2-2: Ground out 4-3 (Groundball, 4, EV 109.4 MPH)
|
Batting: RHB James Boynton
|
0-0: Foul Ball, location: 2F 0-1: Fly out, F8 (Flyball, 8LM, EV 90.0 MPH)
|
Batting: SHB Mike Goad
|
0-0: Ball 1-0: Swinging Strike 1-1: Ball 2-1: Ball 3-1: SINGLE (Groundball, 6D, EV 106.2 MPH)
|
Batting: RHB Riley Nasiir
|
0-0: Ball 1-0: Foul Ball, location: 2F 1-1: Foul Ball, location: 2F 1-2: Strikes out swinging
|
Top of the 1st over - 0 runs, 1 hit, 0 errors, 1 left on base; Charleston 0 - Hickory 0 |
BOTTOM OF THE 1ST |
Hickory Crawdads batting - Pitching for Charleston RiverDogs : RHP Steve Fleming
|
Pitching: RHP Steve Fleming
|
|
Batting: RHB Jason Sher
|
0-0: Swinging Strike 0-1: Ball 1-1: Foul Ball, location: 2F 1-2: Strikes out swinging
|
Batting: RHB Doug Hammertime
|
0-0: Ball 1-0: SINGLE (Groundball, 4MD, EV 101.2 MPH)
|
Batting: RHB Bobby Larson
|
0-0: Called Strike Doug Hammertime steals 2nd base 0-1: SINGLE (Line Drive, 9S, EV 87.5 MPH) Doug Hammertime to third
|
Batting: LHB Casper Kersten
|
0-0: Swinging Strike 0-1: Ball 1-1: Called Strike 1-2: Ball 2-2: Fly out, F8 (Flyball, 8LXD, EV 103.1 MPH) Runner from 3rd tags up, SCORES, no throw by CF
|
Batting: RHB Jason Swisher
|
0-0: Ball 1-0: Foul Ball, location: 2F 1-1: Fielders Choice at 2nd, 5-4 (Groundball, 56, EV 103.1 MPH)
|
Bottom of the 1st over - 1 run, 2 hits, 0 errors, 1 left on base; Charleston 0 - Hickory 1 |
TOP OF THE 2ND |
Charleston RiverDogs batting - Pitching for Hickory Crawdads : RHP Alexander Neustroev
|
Batting: LHB Eddie Ramirez
|
0-0: Ball 1-0: Fly out, F9 (Flyball, 89S, EV 91.9 MPH)
|
Batting: RHB Luwen Storm
|
0-0: Bunt missed! 0-1: Ball 1-1: Ball 2-1: Foul Ball, location: 2F 2-2: Ball 3-2: Foul Ball, location: 2F 3-2: Fly out, F8 (Flyball, 8LD, EV 98.1 MPH)
|
Batting: RHB Miguel Leal
|
0-0: Ball 1-0: Ball 2-0: DOUBLE (Groundball, 5L, EV 106.2 MPH)
|
Batting: RHB Chris Yancey
|
0-0: Called Strike 0-1: Swinging Strike 0-2: Ball 1-2: Strikes out swinging
|
Top of the 2nd over - 0 runs, 1 hit, 0 errors, 1 left on base; Charleston 0 - Hickory 1 |
BOTTOM OF THE 2ND |
Hickory Crawdads batting - Pitching for Charleston RiverDogs : RHP Steve Fleming
|
Batting: RHB Adryão Anto
|
0-0: Ball 1-0: Ground out 5-3 (Groundball, 56, EV 78.8 MPH)
|
Batting: RHB Chris Powell
|
0-0: SINGLE (Line Drive, 8RS, EV 94.4 MPH)
|
Batting: SHB Rich Rubio
|
0-0: Ball 1-0: Ball 2-0: Swinging Strike 2-1: Called Strike 2-2: Fly out, F4 (Popup, 4S, EV 80.0 MPH)
|
Batting: LHB Antonio Domingues
|
0-0: Called Strike Chris Powell steals 2nd base 0-1: Ball 1-1: Foul Ball, location: 2F 1-2: 2-RUN HOME RUN (Flyball, 9LD, EV 93.1 MPH), Distance : 354 ft
|
Batting: RHB Jason Sher
|
0-0: Called Strike 0-1: Foul Ball, location: 2F 0-2: Ball 1-2: Strikes out swinging
|
Bottom of the 2nd over - 2 runs, 2 hits, 0 errors, 0 left on base; Charleston 0 - Hickory 3 |
TOP OF THE 3RD |
Charleston RiverDogs batting - Pitching for Hickory Crawdads : RHP Alexander Neustroev
|
Batting: RHB Nick Massengale
|
0-0: Ball 1-0: DOUBLE (Line Drive, 89XD, EV 106.2 MPH)
|
Batting: LHB Tatsuo Yasui
|
0-0: Ball 1-0: Called Strike 1-1: Ball 2-1: DOUBLE (Line Drive, 7LS, EV 92.5 MPH) Nick Massengale scores
|
Batting: RHB James Boynton
|
0-0: Called Strike Tatsuo Yasui steals 3rd base 0-1: Ball 1-1: Called Strike 1-2: Strikes out swinging
|
Batting: SHB Mike Goad
|
0-0: Ball 1-0: 2-RUN HOME RUN (Flyball, 9LD, EV 92.5 MPH), Distance : 351 ft
|
Batting: RHB Riley Nasiir
|
0-0: Ball 1-0: Ball 2-0: Foul Ball, location: 2F 2-1: Foul Ball, location: 2F 2-2: Strikes out swinging
|
Batting: LHB Eddie Ramirez
|
0-0: Called Strike 0-1: Ball 1-1: Foul Ball, location: 2F 1-2: Ground out 5-3 (Groundball, 56, EV 106.2 MPH)
|
Top of the 3rd over - 3 runs, 3 hits, 0 errors, 0 left on base; Charleston 3 - Hickory 3 |
BOTTOM OF THE 3RD |
Hickory Crawdads batting - Pitching for Charleston RiverDogs : RHP Steve Fleming
|
Batting: RHB Doug Hammertime
|
0-0: Called Strike 0-1: Foul Ball, location: 2F 0-2: Ball 1-2: Ball 2-2: Ground out 3-1 (Groundball, 34, EV 104.4 MPH)
|
Batting: RHB Bobby Larson
|
0-0: Ball 1-0: Ball 2-0: Ball 3-0: Called Strike 3-1: Called Strike 3-2: Base on Balls
|
Batting: LHB Casper Kersten
|
0-0: Ball 1-0: Called Strike 1-1: Foul Ball, location: 2F 1-2: Foul Ball, location: 2F 1-2: Foul Ball, location: 2F 1-2: Fly out, F3 (Popup, 3SF, EV 73.1 MPH)
|
Batting: RHB Jason Swisher
|
0-0: Ball 1-0: Called Strike 1-1: Swinging Strike 1-2: Ball 2-2: Ball 3-2: Ground out 5-3 (Groundball, 56, EV 105.6 MPH)
|
Bottom of the 3rd over - 0 runs, 0 hits, 0 errors, 1 left on base; Charleston 3 - Hickory 3 |
TOP OF THE 4TH |
Charleston RiverDogs batting - Pitching for Hickory Crawdads : RHP Alexander Neustroev
|
Batting: RHB Luwen Storm
|
0-0: Foul Ball, location: 2F 0-1: Ball 1-1: Called Strike 1-2: Ball 2-2: Ground out 4-3 (Groundball, 4, EV 80.6 MPH)
|
Batting: RHB Miguel Leal
|
0-0: Ball 1-0: Ball 2-0: Called Strike 2-1: Ball 3-1: DOUBLE (Line Drive, 9LM, EV 93.8 MPH)
|
Batting: RHB Chris Yancey
|
0-0: Called Strike Miguel Leal steals 3rd base 0-1: Ground out U3 (Groundball, 3L, EV 106.2 MPH)
|
Batting: RHB Nick Massengale
|
0-0: Ball 1-0: Ball 2-0: Called Strike 2-1: Fly out, F8 (Flyball, 8RM, EV 89.4 MPH)
|
Top of the 4th over - 0 runs, 1 hit, 0 errors, 1 left on base; Charleston 3 - Hickory 3 |
BOTTOM OF THE 4TH |
Hickory Crawdads batting - Pitching for Charleston RiverDogs : RHP Steve Fleming
|
Batting: RHB Adryão Anto
|
0-0: Foul Ball, location: 2F 0-1: Ball 1-1: Ball 2-1: Ball 3-1: Called Strike 3-2: Base on Balls
|
Batting: RHB Chris Powell
|
0-0: Ball Adryão Anto is caught stealing 2nd base 2-4 1-0: Ball 2-0: Called Strike 2-1: Swinging Strike 2-2: Foul Ball, location: 2F 2-2: Ball 3-2: Foul Ball, location: 2F 3-2: Fly out, F4 (Line Drive, 4, EV 65.0 MPH)
|
Pitching: RHP William Beran
|
|
Batting: SHB Rich Rubio
|
0-0: Called Strike 0-1: Ball 1-1: Ball 2-1: Foul Ball, location: 2F 2-2: Foul Ball, location: 2F 2-2: Foul Ball, location: 2F 2-2: DOUBLE (Line Drive, 3D, EV 95.6 MPH)
|
Batting: LHB Antonio Domingues
|
0-0: Called Strike 0-1: Foul Ball, location: 2F 0-2: Ground out 4-3 (Groundball, 4, EV 80.0 MPH)
|
Bottom of the 4th over - 0 runs, 1 hit, 0 errors, 1 left on base; Charleston 3 - Hickory 3 |
TOP OF THE 5TH |
Charleston RiverDogs batting - Pitching for Hickory Crawdads : RHP Alexander Neustroev
|
Batting: LHB Tatsuo Yasui
|
0-0: Ball 1-0: Ball 2-0: Ball 3-0: Called Strike 3-1: Foul Ball, location: 2F 3-2: Foul Ball, location: 2F 3-2: Fly out, F6 (Flyball, 6D, EV 91.9 MPH)
|
Batting: RHB James Boynton
|
0-0: Ball 1-0: Foul Ball, location: 2F 1-1: Ball 2-1: Foul Ball, location: 2F 2-2: Ground out 6-3 (Groundball, 6, EV 81.2 MPH)
|
Batting: SHB Mike Goad
|
0-0: Ball 1-0: Ball 2-0: Swinging Strike 2-1: Ball 3-1: Called Strike 3-2: Strikes out swinging
|
Top of the 5th over - 0 runs, 0 hits, 0 errors, 0 left on base; Charleston 3 - Hickory 3 |
BOTTOM OF THE 5TH |
Hickory Crawdads batting - Pitching for Charleston RiverDogs : RHP William Beran
|
Batting: RHB Jason Sher
|
0-0: Called Strike 0-1: Swinging Strike 0-2: Ball 1-2: Foul Ball, location: 2F 1-2: Ball 2-2: Strikes out swinging
|
Batting: RHB Doug Hammertime
|
0-0: Ball 1-0: Ball 2-0: Ground out U3 (Groundball, 3L, EV 101.2 MPH)
|
Batting: RHB Bobby Larson
|
0-0: Foul Ball, location: 2F 0-1: Foul Ball, location: 2F 0-2: Ball 1-2: DOUBLE (Groundball, 5L, EV 105.6 MPH)
|
Batting: LHB Casper Kersten
|
0-0: Called Strike 0-1: Ball 1-1: Ball 2-1: Called Strike 2-2: Strikes out swinging
|
Bottom of the 5th over - 0 runs, 1 hit, 0 errors, 1 left on base; Charleston 3 - Hickory 3 |
TOP OF THE 6TH |
Charleston RiverDogs batting - Pitching for Hickory Crawdads : RHP Alexander Neustroev
|
Batting: RHB Riley Nasiir
|
0-0: Called Strike 0-1: Ball 1-1: SINGLE (Groundball, 56D, EV 95.0 MPH)
|
Batting: LHB Eddie Ramirez
|
0-0: Ball 1-0: Foul Ball, location: 2F 1-1: Called Strike Balk! Riley Nasiir to second 1-2: Fly out, F7 (Flyball, 7, EV 74.4 MPH)
|
Batting: RHB Luwen Storm
|
0-0: Ball 1-0: Ball 2-0: Ball 3-0: Called Strike 3-1: Ground out 6-3 (Groundball, 56, EV 91.2 MPH)
|
Batting: RHB Miguel Leal
|
0-0: Ball 1-0: Called Strike 1-1: Foul Ball, location: 2F 1-2: Ball 2-2: Fly out, F7 (Flyball, 7S, EV 89.4 MPH)
|
Top of the 6th over - 0 runs, 1 hit, 0 errors, 1 left on base; Charleston 3 - Hickory 3 |
BOTTOM OF THE 6TH |
Hickory Crawdads batting - Pitching for Charleston RiverDogs : RHP William Beran
|
Pinch Hitting: LHB Nick Foutz
|
0-0: Ball 1-0: Fly out, F7 (Flyball, 7D, EV 105.6 MPH)
|
Pinch Hitting: LHB Franklin Quezada
|
0-0: Ball 1-0: Fly out, F7 (Flyball, 7LD, EV 78.8 MPH)
|
Batting: RHB Chris Powell
|
0-0: Called Strike 0-1: Ball 1-1: Ball 2-1: Foul Ball, location: 2F 2-2: Ball 3-2: Fly out, F4 (Popup, 13, EV 80.6 MPH)
|
Bottom of the 6th over - 0 runs, 0 hits, 0 errors, 0 left on base; Charleston 3 - Hickory 3 |
TOP OF THE 7TH |
Charleston RiverDogs batting - Pitching for Hickory Crawdads : RHP Alexander Neustroev
|
Pitching: RHP Orlando Mendoza
|
|
Now at 1B: Rich Rubio
|
|
Now in LF: Nick Foutz
|
|
Now in CF: Franklin Quezada
|
|
Now in RF: Antonio Domingues
|
|
Batting: RHB Chris Yancey
|
0-0: Called Strike 0-1: Ball 1-1: Called Strike 1-2: Foul Ball, location: 2F 1-2: Ball 2-2: Strikes out swinging
|
Batting: RHB Nick Massengale
|
0-0: Ground out 1-3 (Groundball, 13, EV 67.5 MPH)
|
Batting: LHB Tatsuo Yasui
|
0-0: Ball 1-0: SINGLE (Groundball, 56D, EV 102.5 MPH)
|
Batting: RHB James Boynton
|
0-0: Ball 1-0: SINGLE (Groundball, 56D, EV 95.0 MPH) Tatsuo Yasui to second
|
Batting: SHB Mike Goad
|
0-0: Ball 1-0: Foul Ball, location: 2F 1-1: Called Strike 1-2: Ball 2-2: SINGLE (Line Drive, 9S, EV 97.5 MPH) Tatsuo Yasui to third James Boynton to second Runner from 3rd tries for Home, SAFE, throw by RF to home
|
Batting: RHB Riley Nasiir
|
0-0: Ball 1-0: Ball 2-0: Ball 3-0: Foul Ball, location: 2F 3-1: Ground out 4-3 (Groundball, 4, EV 102.5 MPH)
|
Top of the 7th over - 1 run, 3 hits, 0 errors, 2 left on base; Charleston 4 - Hickory 3 |
BOTTOM OF THE 7TH |
Hickory Crawdads batting - Pitching for Charleston RiverDogs : RHP William Beran
|
Pitching: RHP Gabe Pomales
|
|
Batting: SHB Rich Rubio
|
0-0: Ball 1-0: Called Strike 1-1: Foul Ball, location: 2F 1-2: Foul Ball, location: 2F 1-2: Strikes out swinging
|
Batting: LHB Antonio Domingues
|
0-0: Foul Ball, location: 2F 0-1: Called Strike 0-2: Ball 1-2: Foul Ball, location: 2F 1-2: Ball 2-2: Strikes out swinging
|
Batting: RHB Jason Sher
|
0-0: Called Strike 0-1: Called Strike 0-2: Strikes out looking
|
Bottom of the 7th over - 0 runs, 0 hits, 0 errors, 0 left on base; Charleston 4 - Hickory 3 |
TOP OF THE 8TH |
Charleston RiverDogs batting - Pitching for Hickory Crawdads : RHP Orlando Mendoza
|
Batting: LHB Eddie Ramirez
|
0-0: Foul Ball, location: 2F 0-1: Called Strike 0-2: Ground out 4-3 (Groundball, 34D, EV 101.2 MPH)
|
Batting: RHB Luwen Storm
|
0-0: Called Strike 0-1: Fly out, F9 (Flyball, 9D, EV 89.4 MPH)
|
Batting: RHB Miguel Leal
|
0-0: Foul Ball, location: 2F 0-1: Called Strike 0-2: Strikes out looking
|
Top of the 8th over - 0 runs, 0 hits, 0 errors, 0 left on base; Charleston 4 - Hickory 3 |
BOTTOM OF THE 8TH |
Hickory Crawdads batting - Pitching for Charleston RiverDogs : RHP Gabe Pomales
|
Now in LF: Tony Saenz
|
|
Batting: RHB Doug Hammertime
|
0-0: Called Strike 0-1: Fly out, F2 (Popup, 25F, EV 89.4 MPH)
|
Batting: LHB Ben Radach
|
0-0: Foul Ball, location: 2F 0-1: Foul Ball, location: 2F 0-2: Ground out 6-3 (Groundball, 56, EV 83.1 MPH)
|
Batting: LHB Casper Kersten
|
0-0: Foul Ball, location: 2F 0-1: Foul Ball, location: 2F 0-2: Ball 1-2: SINGLE (Groundball, 5D, EV 110.0 MPH)
|
Batting: LHB Nick Foutz
|
0-0: Called Strike 0-1: Foul Ball, location: 2F 0-2: Ball 1-2: Ball 2-2: Foul Ball, location: 2F 2-2: Ball Wild Pitch! Casper Kersten to second 3-2: DOUBLE (Line Drive, 8LXD, EV 100.0 MPH) Casper Kersten scores
|
Batting: LHB Franklin Quezada
|
0-0: Swinging Strike 0-1: Swinging Strike 0-2: Ball 1-2: Foul Ball, location: 2F 1-2: Ball 2-2: Strikes out looking
|
Bottom of the 8th over - 1 run, 2 hits, 0 errors, 1 left on base; Charleston 4 - Hickory 4 |
TOP OF THE 9TH |
Charleston RiverDogs batting - Pitching for Hickory Crawdads : RHP Orlando Mendoza
|
Pinch Hitting: LHB Ryan Rodgers
|
0-0: Called Strike 0-1: Fly out, F4 (Flyball, 34D, EV 82.5 MPH)
|
Batting: RHB Nick Massengale
|
0-0: Ground out 6-3 (Groundball, 6, EV 84.4 MPH)
|
Batting: LHB Tatsuo Yasui
|
0-0: Fly out, F8 (Flyball, 8RS, EV 85.0 MPH)
|
Top of the 9th over - 0 runs, 0 hits, 0 errors, 0 left on base; Charleston 4 - Hickory 4 |
BOTTOM OF THE 9TH |
Hickory Crawdads batting - Pitching for Charleston RiverDogs : RHP Gabe Pomales
|
Pitching: RHP Jorge Aranda
|
|
Now at C: Ryan Rodgers
|
|
Batting: RHB Chris Powell
|
0-0: Called Strike 0-1: Swinging Strike 0-2: Ball 1-2: Foul Ball, location: 2F 1-2: Strikes out swinging
|
Batting: SHB Rich Rubio
|
0-0: Foul Ball, location: 2F 0-1: Called Strike 0-2: Foul Ball, location: 2F 0-2: Foul Ball, location: 2F 0-2: Ball 1-2: Ball 2-2: Strikes out swinging
|
Batting: LHB Antonio Domingues
|
0-0: Ball 1-0: Foul Ball, location: 2F 1-1: Ground out 4-3 (Groundball, 4, EV 101.9 MPH)
|
Bottom of the 9th over - 0 runs, 0 hits, 0 errors, 0 left on base; Charleston 4 - Hickory 4 |
TOP OF THE 10TH |
Charleston RiverDogs batting - Pitching for Hickory Crawdads : RHP Orlando Mendoza
|
Pitching: RHP Tim Riley
|
|
Batting: RHB James Boynton
|
0-0: Ball 1-0: Ball 2-0: SINGLE (Line Drive, 34D, EV 103.1 MPH)
|
Pinch Hitting: RHB Tim Nordahl
|
0-0: Called Strike 0-1: Ball 1-1: Ball 2-1: Called Strike 2-2: Strikes out swinging
|
Batting: RHB Riley Nasiir
|
0-0: Ball James Boynton is caught stealing 2nd base 2-4 1-0: Called Strike 1-1: Swinging Strike 1-2: Fly out, F8 (Flyball, 8LXD, EV 92.5 MPH)
|
Top of the 10th over - 0 runs, 1 hit, 0 errors, 0 left on base; Charleston 4 - Hickory 4 |
BOTTOM OF THE 10TH |
Hickory Crawdads batting - Pitching for Charleston RiverDogs : RHP Jorge Aranda
|
Pitching: RHP Bruce Cruz
|
|
Now in LF: Brandon Lemay
|
|
Batting: RHB Jason Sher
|
0-0: Swinging Strike 0-1: Called Strike 0-2: Foul Ball, location: 2F 0-2: Ball 1-2: Reached on error, E6 (Groundball, 6, EV 103.1 MPH)
|
Batting: RHB Doug Hammertime
|
0-0: Ball 1-0: Ball 2-0: Foul Ball, location: 2F 2-1: Foul Ball, location: 2F 2-2: Ground out 5-3 (Groundball, 6S, EV 82.5 MPH) Jason Sher to second
|
Batting: LHB Ben Radach
|
0-0: Called Strike 0-1: Swinging Strike 0-2: Ball 1-2: Foul Ball, location: 2F 1-2: Ball 2-2: Foul Ball, location: 2F 2-2: Ball 3-2: Base on Balls
|
Batting: LHB Casper Kersten
|
0-0: Grounds into double play, 3-6-3 (Groundball, 3, EV 98.1 MPH)
|
Bottom of the 10th over - 0 runs, 0 hits, 1 error, 1 left on base; Charleston 4 - Hickory 4 |
TOP OF THE 11TH |
Charleston RiverDogs batting - Pitching for Hickory Crawdads : RHP Tim Riley
|
Batting: LHB Eddie Ramirez
|
0-0: Called Strike 0-1: Ball 1-1: Foul Ball, location: 2F 1-2: Strikes out swinging
|
Batting: RHB Luwen Storm
|
0-0: Ball 1-0: Called Strike 1-1: Swinging Strike 1-2: Ball 2-2: Ball 3-2: Foul Ball, location: 2F 3-2: Fly out, F8 (Flyball, 8RXD, EV 86.2 MPH)
|
Batting: RHB Miguel Leal
|
0-0: Called Strike 0-1: Ball 1-1: Ball 2-1: Ball 3-1: Foul Ball, location: 2F 3-2: Base on Balls
|
Pitching: RHP Harry Barnes
|
|
Batting: LHB Ryan Rodgers
|
0-0: Ball 1-0: Ball 2-0: Ball 3-0: Base on Balls Miguel Leal to second
|
Batting: RHB Nick Massengale
|
0-0: Swinging Strike 0-1: Ball 1-1: Called Strike 1-2: Foul Ball, location: 2F 1-2: Strikes out swinging
|
Top of the 11th over - 0 runs, 0 hits, 0 errors, 2 left on base; Charleston 4 - Hickory 4 |
BOTTOM OF THE 11TH |
Hickory Crawdads batting - Pitching for Charleston RiverDogs : RHP Bruce Cruz
|
Batting: LHB Nick Foutz
|
0-0: Ball 1-0: Foul Ball, location: 2F 1-1: Ball 2-1: Swinging Strike 2-2: Ball 3-2: Ground out U3 (Groundball, 3L, EV 100.0 MPH)
|
Batting: LHB Franklin Quezada
|
0-0: Called Strike 0-1: Foul Ball, location: 2F 0-2: Foul Ball, location: 2F 0-2: SINGLE (Groundball, 4MD, EV 106.2 MPH)
|
Batting: RHB Chris Powell
|
0-0: Ball Franklin Quezada steals 2nd base 1-0: Called Strike 1-1: Fly out, F8 (Flyball, 8LM, EV 78.1 MPH) Runner from 2nd tags up, SAFE at 3rd with throw by CF
|
Batting: SHB Rich Rubio
|
0-0: SINGLE (Flyball, 8RS, EV 91.9 MPH) Franklin Quezada scores
|
Bottom of the 11th over - 1 run, 2 hits, 0 errors, 0 left on base; Charleston 4 - Hickory 5 |
|
Game Over ... Hickory defeats Charleston, 5 to 4
|
|
|